 Dungeon Crawl Stone Soup version 0.30-a0-630-g881e3bac89 (webtiles) character file.

Game seed: 101548156550087608

71 Dartaoz the Ruffian (level 4, 0/44 HPs)
             Began as a Troll Fighter on Jan 13, 2023.
             Slain by an orc
             ... wielding a +0 mace
              (5 damage)
             ... on level 3 of the Dungeon.
             The game lasted 00:03:30 (1310 turns).

Dartaoz the Ruffian (Troll Fighter)                 Turns: 1310, Time: 00:03:31

Health: 0/44       AC:  4    Str: 26    XL:     4   Next: 5%
Magic:  3/3        EV:  8    Int:  4    God:
Gold:   63         SH:  7    Dex:  9    Spells: 3/3 levels left

rFire   . . .      SeeInvis .      - Unarmed
rCold   . . .      Faith    .    b - +0 kite shield
rNeg    . . .      Spirit   .    a - +0 robe
rPois   .          Reflect  .    (helmet restricted)
rElec   .          Harm     .    (no cloak)
rCorr   .          Rampage  .    (gloves unavailable)
Will    .....                    (boots unavailable)
Stlth   +                        (no amulet)
HPRegen 1.07/turn                (no ring)
MPRegen 0.08/turn                (no ring)

@: no status effects
A: large, unfitting armour, claws 3, regeneration 1, shaggy fur 1, tough skin 1
a: no special abilities


You were on level 3 of the Dungeon.
You visited 1 branch of the dungeon, and saw 3 of its levels.

You collected 63 gold pieces.

Inventory:

Missiles
 m - 4 large rocks (quivered)
Armour
 a - a +0 robe (worn)
 b - a +0 kite shield (worn)
Scrolls
 d - a scroll of brand weapon {unknown}
 f - 3 scrolls of identify {unknown}
 g - a scroll of poison {unknown}
 h - a scroll of immolation {unknown}
 i - 2 scrolls of teleportation {unknown}
 j - 2 scrolls of enchant armour {unknown}
 k - a scroll of enchant weapon {unknown}
 o - a scroll of blinking {unknown}
Potions
 c - 2 potions of might
 e - a potion of lignification {unknown}
 l - a potion of brilliance {unknown}
 n - a potion of magic {unknown}
 p - 2 potions of curing {unknown}


   Skills:
 - Level 2.4 Fighting
 + Level 0.0 Throwing
 - Level 2.4 Dodging
 - Level 2.6 Shields
 + Level 4.3 Unarmed Combat


You had 3 spell levels left.
You didn't know any spells.
Your spell library contained the following spells:

 Spells                   Type           Power      Damage    Failure   Level
 Summon Small Mammal      Summ           0%         N/A       80%         1
 Conjure Ball Lightning   Conj/Air       0%         3x3d6     100%        6
 Discord                  Hex            0%         N/A       100%        8
 Disjunction              Tloc           0%         N/A       100%        8


Dungeon Overview and Level Annotations

Branches:
Dungeon (3/15)

Altars:


Innate Abilities, Weirdness & Mutations

You are too large for most types of armour.
You have claws for hands.
Your natural rate of healing is unusually fast.
You are covered in fur. (AC +1)
You have tough skin. (AC +1)


Message History

The orc shouts! x3
Found 5 gold pieces.
Found a stone staircase leading down.
There is a stone staircase leading up here.
You closely miss the orc.
The orc shouts!
You scratch the orc.
The orc is severely wounded.
You block the orc's attack.
The orc hits you from afar with a +0 trident!
You barely miss the orc.
The orc is severely wounded.
You block the orc's attack. The orc hits you with a +0 trident.
You scratch the orc.
The orc is almost dead.
The worm barely misses you. You block the orc's attack. x2
The orc barely misses you.
You barely miss the orc.
The orc is almost dead.
The orc barely misses you. The orc hits you with a +0 club.
The orc closely misses you. You block the worm's attack.
You barely miss the orc.
The orc is almost dead.
You block the orc's attack. x2; The orc hits you with a +0 club.
You claw the orc!
You kill the orc!
The orc hits you from afar with a +0 trident.
The orc completely misses you. The worm bites you.
You barely miss the orc. You block the orc's attack. The orc barely misses you.
The orc closely misses you. The worm bites you.
You scratch the orc but do no damage. The orc closely misses you.
You block the orc's attack. The orc hits you but does no damage.
The orc hits you from afar with a +0 trident.
The orc hits you with a +0 mace. The worm bites you!
* * * LOW HITPOINT WARNING * * *
You are too injured to fight recklessly!
You are too injured to fight recklessly!
You block the orc's attack. The orc hits you with a +0 flail!
* * * LOW HITPOINT WARNING * * *
The orc hits you with a +0 mace.
You die...

#########
#.......#
#......>#
#.......#
.....o..#
#..$..oo#
#.....w@#
#.....o.#
#########


You could see a worm and 4 orcs.

Vanquished Creatures
  4 adders (D:2)
  A worm (D:2)
  2 dart slugs (D:2)
  An orc (D:3)
  2 endoplasms (D:2)
  A giant cockroach (D:1)
  3 goblins (D:1)
  3 hobgoblins (D:1)
  3 ball pythons (D:1)
  3 frilled lizards (D:2)
  4 kobolds (D:1)
  2 rats
29 creatures vanquished.

Notes
Turn   | Place    | Note
-------+----------+-------------------------------------------
     0 | D:1      | Dartaoz the Troll Fighter began the quest for the Orb.
     0 | D:1      | Reached XP level 1. HP: 22/22 MP: 0/0
    41 | D:1      | Found a faded altar of an unknown god.
    47 | D:1      | Got Plato's Textbook on the Gathering
   182 | D:1      | Reached XP level 2. HP: 29/29 MP: 1/1
   506 | D:1      | Reached skill level 3 in Unarmed Combat
   880 | D:2      | Reached XP level 3. HP: 36/36 MP: 2/2
  1005 | D:2      | Reached skill level 4 in Unarmed Combat
  1132 | D:2      | Reached XP level 4. HP: 44/44 MP: 3/3
  1310 | D:3      | Slain by an orc

Illustrated notes

Levels and vault maps discovered:
D:1:      nicolae_arrival_washed_ashore, layout_basic,
          shapermc_ecumenical_altar_rom_forum
D:2:      layout_basic
D:3:      layout_loops_cross, nrook_campfire, nrook_loot_triangle

Skill      XL: |  1  2  3 |
---------------+----------+-----
Unarmed Combat | 3 4 |  4.3
Fighting       | |  2.4
Dodging        | |  2.4
Shields        | |  2.6

Action                   |  1- 3 |  4- 6 || total
-------------------------+-------+-------++-------
Melee: Unarmed           |    67 |    11 ||    78
 Stab: Sleeping          |     1 |       ||     1
Armor: Robe              |    12 |     1 ||    13
Dodge: Dodged            |    15 |     8 ||    23
Block: Kite shield       |    18 |    10 ||    28

Table legend: (Time is in decaauts)
 A = Elapsed time spent in this place.
 B = Non-inter-level travel time spent in this place.
 C = Inter-level travel time spent in this place.
 D = Time resting spent in this place.
 E = Time spent auto-exploring this place.
 F = Levels seen in this place.
 G = Mean time per level.
                   A        B        C        D        E       F      G
               +--------+--------+--------+--------+--------+-----+--------+
         Total |   1315 |   1275 |     40 |      0 |   1062 |   3 |  438.3 |
       Dungeon |   1315 |   1275 |     40 |      0 |   1062 |   3 |  438.3 |
               +--------+--------+--------+--------+--------+-----+--------+

Top non-repeatable levels by time:
     D:1: 756 daAuts
     D:2: 548 daAuts
     D:3: 10 daAuts
